 Dungeon Crawl Stone Soup version 0.27-a0-1384-g1422d76b99 (webtiles) character file.

Game seed: 6416734276413850424

10154 sokol815 the Commander (level 11, -4/91 HPs)
             Began as a Grey Draconian Conjurer on June 30, 2021.
             Was a High Priest of Okawaru.
             Slain by an orange demon (8 damage)
             ... summoned by a kobold demonologist
             ... on level 10 of the Dungeon.
             The game lasted 00:30:46 (13180 turns).

sokol815 the Commander (Grey Draconian Conjurer)   Turns: 13180, Time: 00:30:47

Health: -4/91      AC: 14    Str: 10    XL:     11   Next: 32%
Magic:  0/27       EV: 12    Int: 25    God:    Okawaru [*****.]
Gold:   827        SH:  5    Dex: 12    Spells: 1/16 levels left

rFire    . . .     SeeInvis .   a - +3 scimitar
rCold    . . .     Faith    .   G - +0 buckler
rNeg     . . .     Spirit   +   (armour unavailable)
rPois    .         Reflect  .   (helmet restricted)
rElec    .         Harm     .   (no cloak)
rCorr    .         Rampage  .   g - +0 pair of gloves
Will     .....                  o - +0 pair of boots
Stlth    ++........             i - amulet of guardian spirit
HPRegen  0.25/turn              H - ring of magical power {MP+9}
MPRegen  0.20/turn              r - +6 ring of intelligence

@: lethally poisoned (-4 -> -25), slowed, very slow
A: AC +12, amphibious, unfitting armour, cold-blooded
a: Renounce Religion, Heroism, Finesse


You were on level 10 of the Dungeon.
You worshipped Okawaru.
Okawaru was extremely pleased with you.
You visited 2 branches of the dungeon, and saw 11 of its levels.

You collected 827 gold pieces.

Inventory:

Hand Weapons
 a - a +3 scimitar (weapon)
   (You took it off a wight on level 5 of the Dungeon)
 b - a +4 mace of freezing
   (You took it off a wight on level 4 of the Dungeon)
 c - a +0 hunting sling
   (You took it off a goblin on level 2 of the Dungeon)
 e - a +2 flail of draining
   (You took it off Edmund on level 4 of the Dungeon)
 C - a +0 whip of electrocution
   (You took it off an orc on level 10 of the Dungeon)
Missiles
 f - 6 silver boomerangs
 h - 234 arrows
 l - 68 bolts
 q - a throwing net {!d}
 s - 235 stones
 t - 25 boomerangs
 w - 6 atropa-tipped darts
 y - 21 poisoned darts
 F - 11 sling bullets
Armour
 g - a +0 pair of gloves (worn)
   (You found it on level 7 of the Dungeon)
 o - a +0 pair of boots (worn)
   (You found it on level 2 of the Dungeon)
 G - a +0 buckler (worn)
   (You found it on level 6 of the Dungeon)
Magical Staves
 B - a staff of air {rElec}
   (You found it on level 5 of the Dungeon)
Jewellery
 i - an amulet of guardian spirit (around neck)
   (You found it on level 1 of the Dungeon)
 r - a +6 ring of intelligence (right hand)
   (You found it on level 6 of the Dungeon)
 H - a ring of magical power (left hand) {MP+9}
   (You found it on level 3 of the Dungeon)
Wands
 p - a wand of paralysis (8)
   (You found it on level 6 of the Dungeon)
Scrolls
 m - a scroll of enchant armour {unknown}
 u - a scroll of holy word {unknown}
 x - a scroll of amnesia
 z - a scroll of silence {unknown}
 D - a scroll of enchant weapon {unknown}
 E - 2 scrolls of fear
 S - a scroll of summoning
 V - 2 scrolls of vulnerability {!r!r}
 X - 3 scrolls of magic mapping {@r4!r}
 Y - 6 scrolls of teleportation {@r3}
Potions
 d - a potion of attraction {unknown}
 j - a potion of berserk rage {unknown}
 k - 2 potions of magic
 n - 2 potions of haste {unknown}
 v - a potion of cancellation {unknown}
 A - a potion of brilliance {unknown}
 I - 2 potions of invisibility
 J - 3 potions of curing {@q1}
 L - 5 potions of flight
 M - a potion of might
 N - 2 potions of heal wounds {@q2}
 P - 5 potions of lignification {!q}
 R - 3 potions of resistance


   Skills:
 + Level 6.9 Fighting
 - Level 8.6 Long Blades
 - Level 2.0 Dodging
 - Level 2.0 Stealth
 - Level 4.0 Shields
 - Level 3.0 Spellcasting
 - Level 8.0 Conjurations
 * Level 5.5 Translocations
 * Level 2.4 Earth Magic
 + Level 10.6 Invocations


You had one spell level left.
You knew the following spells:

 Your Spells              Type           Power      Damage    Failure   Level
a - Shatter               Erth           7%         3d10*     100%        9
b - Searing Ray           Conj           86%        3d6       1%          2
x - Iskenderun's Mystic   Conj/Tloc      37%        2d9       6%          4

Your spell library contained the following spells:

 Spells                   Type           Power      Damage    Failure   Level
 Magic Dart               Conj           100%       1d8       1%          1
 Shock                    Conj/Air       92%        1d8       1%          1
 Beastly Appendage        Tmut           6%         N/A       10%         1
 Freeze                   Ice            12%        1d4       10%         1
 Static Discharge         Conj/Air       23%        N/A       3%          2
 Conjure Flame            Conj/Fire      23%        6-21      6%          3
 Dazzling Flash           Conj/Hex       46%        N/A       6%          3
 Mephitic Cloud           Conj/Pois/Air  17%        N/A       11%         3
 Poisonous Vapours        Pois/Air       6%         N/A       16%         2
 Wereblood                Tmut           3%         N/A       16%         2
 Fulminant Prism          Conj/Hex       11%        3d9       19%         4
 Spider Form              Tmut/Pois      1%         N/A       30%         3
 Leda's Liquefaction      Hex/Erth       4%         N/A       52%         4
 Bolt of Magma            Conj/Fire/Erth 10%        4d7       56%         5
 Freezing Cloud           Conj/Ice/Air   8%         6-21      67%         5
 Ice Form                 Ice/Tmut       3%         N/A       69%         4
 Summon Lightning Spire   Summ/Air       3%         N/A       69%         4
 Iron Shot                Conj/Erth      14%        9d4       88%         6
 Metabolic Englaciation   Hex/Ice        1%         N/A       95%         5
 Silence                  Hex/Air        1%         N/A       95%         5
 Conjure Ball Lightning   Conj/Air       11%        3x3d6     96%         6
 Shadow Creatures         Summ           N/A        N/A       100%        6
 Statue Form              Tmut/Erth      6%         N/A       100%        6
 Dragon's Call            Summ           1%         N/A       100%        9
 Animate Armour           Summ/Erth      Unusable   N/A       N/A         4

Dungeon Overview and Level Annotations

Branches:
Dungeon (10/15)            Temple (1/1) D:4            Lair (0/6) D:9
    Orc (0/2) D:10

Altars:
Ashenzari
Cheibriados
Dithmenos
Elyvilon
Fedhas
Gozag
Hepliaklqana
Kikubaaqudgha
Makhleb
Nemelex Xobeh
Okawaru
Qazlal
Ru
Sif Muna
Trog
Uskayaw
Vehumet
Wu Jian
Xom
Yredelemnul
Zin
The Shining One

Shops:
D:10 *

Annotations:
D:4 2 transporters, 3 runed translucent doors, bronco's ghost, amateur TeFE
D:5 1 runed translucent door, Crazy Yiuf


Innate Abilities, Weirdness & Mutations

Your dull iron-grey scales are very hard. (AC +12)
You are amphibious.
You cannot fit into any form of body armour.
You are cold-blooded and may be slowed by cold attacks.


Message History

You feel extremely sick.
You take 7 damage, and have 68/91 hp.
You now have 19/27 mp.
You feel very sick.
The kobold demonologist casts a spell.
The kobold shoots a bolt.
The bolt closely misses you.
You take 5 damage, and have 63/91 hp.
You now have 18/27 mp.
Restarting spell: Searing Ray (safe; 1% risk of failure)
Aim: a kobold demonologist, wielding a +1 dagger of venom and wearing a +0 robe (75% to hit)
The searing ray hits the kobold demonologist! (Press . to maintain the ray.)
You feel very sick.
The kobold shoots a bolt.
The bolt completely misses you.
The quasit bites you but does no damage.
The quasit closely misses you. The quasit claws you.
You take 3 damage, and have 60/91 hp.
You now have 17/27 mp.
The searing ray hits the quasit.
The searing ray hits the kobold demonologist.
You feel very sick.
The kobold demonologist mumbles some strange words.
The kobold shoots a bolt.
The bolt hits you but does no damage. The quasit closely misses you.
The quasit barely misses you.
The quasit claws you but does no damage.
You take 3 damage, and have 57/91 hp.
You now have 16/27 mp.
The searing ray hits the quasit.
The searing ray hits the kobold demonologist!
You feel sick.
The quasit bites you but does no damage.
The quasit claws you but does no damage.
The quasit misses you. You block the quasit's attack.
The quasit closely misses you. The quasit completely misses you.
The kobold brigand throws a curare-tipped dart.
The curare-tipped dart barely misses you.
The kobold shoots a bolt.
You block the bolt.
The kobold demonologist mumbles some strange words.
You take 2 damage, and have 55/91 hp.
You now have 15/27 mp.
The searing ray hits the quasit!
You kill the quasit!
The searing ray hits the kobold demonologist!
You finish channeling your searing ray.
You feel sick. The sixfirhy hits you. The sixfirhy shocks you!
You block the sixfirhy's attack. The sixfirhy barely misses you.
You riposte.
You slash the sixfirhy!
The kobold brigand throws a curare-tipped dart.
The curare-tipped dart hits you.
You are more poisoned.
You have difficulty breathing.
You feel as though you will be slow longer.
The kobold shoots a bolt.
The bolt hits you but does no damage.
The sixfirhy hits you but does no damage.
The ynoxinul gestures.
The kobold shoots a bolt.
The bolt hits you but does no damage.
The kobold demonologist mumbles some strange words.
You take 22 damage, and have 33/91 hp.
MASSIVE DAMAGE!!
You now have 10/27 mp.
You slash the kobold demonologist!
You feel extremely sick.
The ynoxinul gestures.
The kobold shoots a bolt.
The bolt barely misses you.
The kobold demonologist hits you but does no damage.
You are more poisoned.
You block the orange demon's attack.
You take 7 damage, and have 26/91 hp.
You barely miss the kobold demonologist.
* * * LOW HITPOINT WARNING * * *
You feel extremely sick.
The sixfirhy hits you but does no damage.
The sixfirhy hits you.
* * * LOW HITPOINT WARNING * * *
The sixfirhy shocks you!
* * * LOW HITPOINT WARNING * * *
The orange demon closely misses you.
The kobold shoots a bolt.
The bolt closely misses you.
The kobold demonologist mumbles some strange words.
The kobold brigand throws a curare-tipped dart.
The curare-tipped dart hits you.
You are more poisoned.
You have difficulty breathing.
* * * LOW HITPOINT WARNING * * *
You feel as though you will be slow longer.
The sixfirhy hits you but does no damage.
The shadow imp gestures at you. Pain shoots through your body!
* * * LOW HITPOINT WARNING * * *
The kobold demonologist casts a cantrip, but nothing happens.
The orange demon barely misses you.
You take 25 damage, and have 1/91 hp.
MASSIVE DAMAGE!!
You now have 1/27 mp.
Unknown command.
You feel much better.
* * * LOW HITPOINT WARNING * * *
You feel extremely sick. The sixfirhy closely misses you.
The sixfirhy hits you but does no damage.
The sixfirhy barely misses you.
You riposte.
You slash the sixfirhy!
The sixfirhy hits you but does no damage.
You block the sixfirhy's attack. The ynoxinul hits you!
* * * LOW HITPOINT WARNING * * *
The orange demon stings you from afar!
You die...

#....##...###.....#
#..).####...#.....###
#....# ###..........
##....########.....###
#....≈≈≈≈≈≈≈####.###
#.≈≈≈≈5....≈# ...
##.≈...4⌠.⌠.≈# ##.#
#...5K...∩..≈# ..#
#.5≈53@.⌠.⌠.≈# '#
#.5≈≈3≈.....≈. .
#.5.KK≈≈≈≈≈≈≈.
#.....5....##.
##..!.).....#
#............
#.........##.
###########


You could see an orange demon (summoned), a kobold demonologist, a sixfirhy
(summoned), a ynoxinul (summoned), a kobold brigand, an iron imp (summoned), a
quasit (summoned), a shadow imp (summoned), 4 ufetubi and a kobold.

Vanquished Creatures
  2 two-headed ogres (D:10)
  An ugly thing (D:7)
  Maggie (D:8)
  A troll (D:9)
  Grinder (D:4)
  6 yaks
  2 steam dragons (D:8)
  Menkaure (D:5)
  Edmund (D:4)
  4 water moccasins
  6 black bears
  5 orc warriors
  6 sky beasts
  2 ogres
  A necrophage (D:7)
  7 centaurs
  4 phantoms
  A kobold brigand (D:10)
  3 bullfrogs
  A wyvern zombie (D:7)
  7 scorpions
  4 killer bees (D:6)
  16 wights
  7 crimson imps (D:10)
  A centaur skeleton (D:7)
  2 centaur zombies
  A bullfrog skeleton (D:7)
  2 jellies
  8 orc priests
  5 hounds
  2 gnoll shamans
  An iguana (D:7)
  10 orc wizards
  2 howler monkey zombies (D:7)
  7 adders
  13 gnolls
  A howler monkey skeleton (D:7)
  6 white imps
  3 ufetubi
  A worm (D:3)
  2 dart slugs
  52 orcs
  4 ball pythons
  4 bats
  8 endoplasms
  4 giant cockroaches (D:2)
  7 goblins
  6 hobgoblins
  4 jackals (D:1)
  11 kobolds
  4 quokkas
  A frilled lizard (D:3)
  8 rats
270 creatures vanquished.

Vanquished Creatures (others)
  42 fungi (D:9)
  40 plants (D:9)
82 creatures vanquished.

Grand Total: 352 creatures vanquished

Notes
Turn   | Place    | Note
-------+----------+-------------------------------------------
     0 | D:1      | sokol815 the Draconian Conjurer began the quest for the
                  | Orb.
     0 | D:1      | Reached XP level 1. HP: 14/14 MP: 3/3
   227 | D:1      | Reached skill level 2 in Stealth
   228 | D:1      | Reached skill level 2 in Dodging
   228 | D:1      | Reached XP level 2. HP: 20/20 MP: 1/5
  1048 | D:2      | Learned a level 2 spell: Searing Ray
  1085 | D:2      | Reached XP level 3. HP: 26/26 MP: 2/6
  1193 | D:2      | Reached skill level 5 in Conjurations
  1491 | D:2      | Reached XP level 4. HP: 33/33 MP: 5/7
  1631 | D:2      | Got the Reference Book on the Frigorific Birds
  2452 | D:3      | Found a faded altar of an unknown god.
  2752 | D:3      | Found a burning altar of Makhleb.
  2961 | D:3      | You fall into a shaft and drop 2 floors!
  2961 | D:5      | Entered Level 5 of the Dungeon
  2979 | D:5      | Found a runed translucent door.
  2980 | D:5      | Noticed Crazy Yiuf
  3039 | D:5      | Noticed a scorpion
  3044 | D:5      | Killed a scorpion
  3045 | D:5      | Reached skill level 6 in Conjurations
  3045 | D:5      | Reached XP level 5. HP: 21/38 MP: 8/8
  3277 | D:5      | Found a glowing golden altar of the Shining One.
  3382 | D:4      | Found a transporter.
  3468 | D:4      | Found a broken altar of Ashenzari.
  3513 | D:4      | Noticed bronco's ghost (amateur TeFE)
  3514 | D:4      | Found a runed translucent gate.
  3514 | D:4      | Found a runed translucent gate.
  3514 | D:4      | Found a runed translucent gate.
  3523 | D:4      | Noticed Edmund
  3534 | D:4      | Killed Edmund
  3535 | D:4      | Reached skill level 7 in Conjurations
  3535 | D:4      | Reached XP level 6. HP: 20/45 MP: 0/9
  3743 | D:4      | Found a staircase to the Ecumenical Temple.
  3877 | Temple   | Entered the Ecumenical Temple
  4056 | Temple   | Became a worshipper of Warmaster Okawaru
  4119 | D:4      | Found a transporter.
  4670 | D:5      | Noticed Grinder
  4678 | D:4      | Killed Grinder
  4679 | D:4      | Reached skill level 3 in Invocations
  4679 | D:4      | Your scales start taking on a dull iron-grey colour.
  4679 | D:4      | Reached XP level 7. HP: 24/50 MP: 3/10
  4950 | D:5      | Reached * piety under Okawaru
  5128 | D:5      | Reached skill level 8 in Conjurations
  5128 | D:5      | Reached skill level 4 in Invocations
  5168 | D:4      | Reached skill level 5 in Invocations
  5635 | D:5      | Reached skill level 6 in Invocations
  5677 | D:5      | Reached XP level 8. HP: 57/57 MP: 12/12
  5844 | D:5      | Noticed Menkaure
  5849 | D:5      | Killed Menkaure
  5849 | D:5      | Reached ** piety under Okawaru
  5855 | D:5      | Reached skill level 7 in Invocations
  6135 | D:5      | HP: 14/56 [wight (13)]
  6555 | D:5      | Reached skill level 1 in Long Blades
  6555 | D:5      | Reached skill level 8 in Invocations
  6703 | D:6      | Reached skill level 2 in Long Blades
  6820 | D:6      | Reached skill level 3 in Long Blades
  6932 | D:6      | Reached skill level 4 in Long Blades
  7085 | D:6      | Found a hide-covered altar of Uskayaw.
  7085 | D:6      | Noticed a +0 spear
  7085 | D:6      | Noticed a +0 falchion
  7086 | D:6      | Noticed a +0 short sword
  7088 | D:6      | Noticed a +0 short sword
  7090 | D:6      | Reached skill level 5 in Long Blades
  7114 | D:6      | Noticed a +0 dagger
  7122 | D:6      | Noticed a +0 dagger
  7122 | D:6      | Noticed a +0 spear
  7123 | D:6      | Noticed a +0 falchion
  7132 | D:6      | Reached *** piety under Okawaru
  7135 | D:6      | Reached XP level 9. HP: 58/62 MP: 15/15
  7292 | D:6      | Reached skill level 6 in Long Blades
  7882 | D:7      | Reached skill level 7 in Long Blades
  8091 | D:7      | Noticed a white ugly thing
  8098 | D:7      | HP: 9/62 [white ugly thing (28)]
  8101 | D:7      | Killed a white ugly thing
  8102 | D:7      | Reached skill level 8 in Long Blades
  8646 | D:7      | Reached skill level 1 in Shields
  8678 | D:7      | Reached **** piety under Okawaru
  8681 | D:7      | Reached skill level 2 in Shields
  8751 | D:7      | Reached skill level 3 in Shields
  9479 | D:8      | Reached skill level 4 in Shields
  9479 | D:8      | Reached skill level 1 in Fighting
  9633 | D:8      | Reached skill level 2 in Fighting
  9684 | D:8      | Reached XP level 10. HP: 73/73 MP: 16/16
  9783 | D:8      | Noticed Maggie
  9795 | D:8      | Killed Maggie
  9796 | D:8      | Reached skill level 3 in Fighting
 10149 | D:8      | Reached skill level 9 in Invocations
 10153 | D:8      | Received a gift from Okawaru
 10156 | D:8      | Reached skill level 4 in Fighting
 10399 | D:8      | Reached ***** piety under Okawaru
 10521 | D:8      | Reached skill level 5 in Fighting
 11143 | D:9      | Got Fout's Catalogue of the Secret Spirits
 11149 | D:9      | Learned a level 4 spell: Iskenderun's Mystic Blast
 11213 | D:9      | Reached skill level 1 in Translocations
 11246 | D:9      | Reached skill level 2 in Translocations
 11307 | D:9      | Reached skill level 10 in Invocations
 11329 | D:9      | Reached skill level 3 in Translocations
 11330 | D:9      | Reached skill level 6 in Fighting
 11488 | D:9      | Found a staircase to the Lair.
 11683 | D:9      | Received a gift from Okawaru
 11954 | D:10     | Entered Level 10 of the Dungeon
 12061 | D:10     | Found an ornate altar of the Wu Jian Council.
 12070 | D:10     | Found a sacrificial altar of Ru.
 12073 | D:10     | Found a white marble altar of Elyvilon.
 12211 | D:10     | Found a shadowy altar of Dithmenos.
 12212 | D:10     | Noticed a two-headed ogre
 12220 | D:10     | Killed a two-headed ogre
 12221 | D:10     | Reached skill level 4 in Translocations
 12221 | D:10     | Reached XP level 11. HP: 71/91 MP: 17/18
 12434 | D:10     | Found a staircase to the Orcish Mines.
 12534 | D:10     | Noticed a two-headed ogre
 12542 | D:10     | Killed a two-headed ogre
 12543 | D:10     | Reached skill level 3 in Spellcasting
 12554 | D:10     | Learned a level 9 spell: Shatter
 12615 | D:10     | Found a snail-covered altar of Cheibriados.
 12754 | D:10     | Found a basalt altar of Yredelemnul.
 12758 | D:10     | Reached skill level 5 in Translocations
 12828 | D:10     | Reached skill level 1 in Earth Magic
 12992 | D:10     | Reached skill level 2 in Earth Magic
 13161 | D:10     | Found an opulent altar of Gozag.
 13162 | D:10     | Found Gozag's Platinum Reserve.
 13176 | D:10     | Noticed a sixfirhy
 13179 | D:10     | HP: 19/91 [poisoned by a kobold demonologist]
 13179 | D:10     | HP: 5/91 [asphyx]
 13179 | D:10     | HP: 1/91 [shadow imp/nerve-wracking pain[a kobold
                  | demonologist] (4)]
 13180 | D:10     | Slain by an orange demon

Illustrated notes

Levels and vault maps discovered:
D:1:      erik_arrival_triangle_medium, layout_rooms
D:2:      layout_loops_ring
D:3:      layout_loops_ring, lightli_temple_of_fire, basic_ecumenical_altar
D:4:      gammafunk_steamed_eel, layout_loops_ring,
          ashenzari_conservatory_becter, minmay_temple_entry_crystal_x,
          gammafunk_ghost_split, uniq_edmund
D:5:      layout_gridville, tso_metal_star, uniq_crazy_yiuf_cottage,
          uniq_grinder, uniq_menkaure
D:6:      layout_basic, nicolae_uskayaw_en_pointe
D:7:      layout_loops_corners, kennysheep_pointless_box, minmay_bent
D:8:      layout_rooms, hangedman_misty_isle, uniq_maggie
D:9:      layout_loops_ring, due_lair_maze_entry_diamond
D:10:     layout_roguey, lemuel_crystal_altar, lemuel_round_altar,
          nicolae_gozag_zags_fifth_avenue, kennysheep_little_box,
          grunt_temple_overflow_diamond, hiddenorc2_lemuel,
          nicolae_trove_entry_crossroad, minmay_nine_imps
Temple:   chequers_temple_sunken

Skill      XL: |  1  2  3  4  5  6  7  8  9 10 11 |
---------------+----------------------------------+-----
Stealth        | 2 |  2.0
Dodging        | 2 |  2.0
Conjurations   | 5 6 7 8 |  8.0
Invocations    | 3 6 8 10 | 10.6
Long Blades    | 5 8 |  8.6
Shields        | 4 |  4.0
Fighting       | 2 6 |  6.9
Translocations | 4 5 |  5.5
Spellcasting   | 3 |  3.0
Earth Magic    | 2 |  2.4

Action                   |  1- 3 |  4- 6 |  7- 9 | 10-12 || total
-------------------------+-------+-------+-------+-------++-------
Melee: Unarmed           |    13 |       |       |       ||    13
       Tailslap          |     3 |       |     1 |    10 ||    14
       Mace              |    41 |    18 |    14 |       ||    73
       Flail             |       |     4 |     4 |       ||     8
       Scimitar          |       |       |    10 |    98 ||   108
 Cast: Magic Dart        |    48 |    52 |       |       ||   100
       Searing Ray       |       |    17 |    70 |    68 ||   155
Invok: Heroism           |       |       |     1 |       ||     1
  Use: Scroll            |       |       |     7 |     9 ||    16
       Potion            |       |       |       |     1 ||     1
 Stab: Sleeping          |       |       |       |     1 ||     1
Armor: Skin              |    22 |    13 |    29 |    77 ||   141
Dodge: Dodged            |    54 |    11 |    65 |    96 ||   226
Block: Buckler           |       |       |     4 |    50 ||    54
       Rpst.: Scimitar   |       |       |     7 |    18 ||    25

Table legend: (Time is in decaauts)
 A = Elapsed time spent in this place.
 B = Non-inter-level travel time spent in this place.
 C = Inter-level travel time spent in this place.
 D = Time resting spent in this place.
 E = Time spent auto-exploring this place.
 F = Levels seen in this place.
 G = Mean time per level.
                   A        B        C        D        E       F      G
               +--------+--------+--------+--------+--------+-----+--------+
         Total |  13265 |  12679 |    586 |   2922 |   8236 |  11 | 1205.9 |
       Dungeon |  13012 |  12481 |    531 |   2922 |   8040 |  10 | 1301.2 |
        Temple |    252 |    198 |     54 |      0 |    196 |   1 |  252.0 |
               +--------+--------+--------+--------+--------+-----+--------+

Top non-repeatable levels by time:
     D:4: 1785 daAuts
     D:5: 1688 daAuts
     D:7: 1576 daAuts
     D:8: 1534 daAuts
     D:6: 1243 daAuts
    D:10: 1229 daAuts
     D:2: 1135 daAuts
     D:1: 1042 daAuts
     D:9: 969 daAuts
     D:3: 807 daAuts
  Temple: 252 daAuts

Table legend:
 A = Kills in this place as a percentage of kills in entire the game.
 B = Kills by you in this place as a percentage of kills by you in the entire game.
 C = Kills by friends in this place as a percentage of kills by friends in the entire game.
 D = Other kills in this place as a percentage of other kills in the entire game.
 E = Experience gained in this place as a percentage of experience gained in the entire game.
 F = Experience gained in this place divided by the number of levels of this place that you have seen.
                   A       B       C       D       E      F
               +-------+-------+-------+-------+-------+----------------------
         Total | 100.0 | 100.0 |   N/A |   N/A | 100.0 | 1318.7
       Dungeon | 100.0 | 100.0 |   N/A |   N/A | 100.0 | 1450.6
               +-------+-------+-------+-------+-------+----------------------
